 Dungeon Crawl Stone Soup version 0.18.1-48-g4cf74bf (webtiles) character file.

40 Madrawn the Magician (level 3, -1/20 (23) HPs)
             Began as a High Elf Transmuter on July 13, 2016.
             Hit by a goblin thrown by Robin (2 damage)
             ... on level 2 of the Dungeon on July 27, 2016.
             The game lasted 00:18:05 (1300 turns).

Madrawn the Magician (High Elf Transmuter)          Turns: 1300, Time: 00:18:05

HP:   -1/20 (23)    AC:  5    Str:  9    XL:     3   Next: 30%
MP:   7/8           EV: 10    Int: 18    God:
Gold: 17            SH:  3    Dex: 15    Spells: 1 memorised, 7 levels left

rFire  . . .     SeeInvis .     f - +0 short sword
rCold  . . .     Gourm    .     k - +0 ring mail
rNeg   . . .     Faith    .     i - +0 buckler
rPois  .         Spirit   .     (no helmet)
rElec  .         Dismiss  .     (no cloak)
rCorr  .         Reflect  .     (no gloves)
SustAt .         Harm     .     (no boots)
MR     .....                    (no amulet)
Stlth  +.........               (no ring)
                                (no ring)

@: very slightly contaminated, non-regenerating, diseased, not resistant to
hostile enchantments, very unstealthy
A: no striking features
a: no special abilities


You were on level 2 of the Dungeon.
You were not hungry.

You visited 1 branch of the dungeon, and saw 2 of its levels.

You collected 17 gold pieces.

Inventory:

Hand Weapons
 f - a +0 short sword (weapon)
 g - a +0 club
 h - a +0 dagger
 n - a cursed -2 mace
Missiles
 a - 12 arrows
Armour
 b - a +0 robe
 i - a +0 buckler (worn)
 k - a +0 ring mail (worn)
 l - a +0 ring mail
 m - a +0 naga barding
Scrolls
 e - a scroll of remove curse
 o - 2 scrolls of random uselessness
Potions
 j - a potion of magic {unknown}
Books
 c - a book of Changes

   Spells                             Type                      Level
   a - Beastly Appendage              Transmutation                1
   b - Sticks to Snakes               Transmutation                2
   c - Spider Form                    Transmutation/Poison         3
   d - Ice Form                       Ice/Transmutation            4
   e - Blade Hands                    Transmutation                5
Comestibles
 d - a bread ration
 p - 4 fruits


   Skills:
 + Level 1.0 Fighting
 + Level 0.2 Short Blades
 + Level 0.3 Armour
 * Level 3.0 Dodging
 + Level 0.3 Shields
 + Level 2.5 Unarmed Combat
 * Level 3.1 Spellcasting
 * Level 2.5 Transmutations


You had 7 spell levels left.
You knew the following spells:

 Your Spells              Type           Power        Failure   Level  Hunger
a - Beastly Appendage     Trmt           ##....       30%         1    None


Dungeon Overview and Level Annotations

Branches:
Dungeon (2/15)

Altars:

Annotations:
D:2 Robin


Message History

You barely miss the goblin.
The goblin shouts!
The necrophage closely misses you. The goblin completely misses you.
You hit the goblin.
The goblin is heavily wounded.
The necrophage hits you but does no damage.
The goblin closely misses you. 2 goblins come into view.
The goblin shouts!
You hit the goblin.
You kill the goblin!
The necrophage hits you.
* * * LOW HITPOINT WARNING * * *
Your flesh rots away! x2; Robin throws the goblin at you!
You hit the goblin.
You kill the goblin!
Your Dodging skill increases to level 3!
The necrophage hits you but does no damage.
Robin throws the goblin at you!
You die...

####### #.....#
#.....#
#.....##
#......#
#......###
#.......<#
#.....######.#.
##....g@n.g....
#########..g.<
.g. .


You could see a necrophage, Robin and 3 goblins.

Vanquished Creatures
  A dart slug (D:1)
  A giant gecko (D:1)
  2 giant cockroaches
  5 goblins
  3 hobgoblins
  8 kobolds (D:1)
  A ball python (D:1)
  5 bats (D:1)
  8 giant newts (D:1)
  4 rats (D:1)
  3 plants (D:1)
41 creatures vanquished.

Notes
Turn   | Place    | Note
--------------------------------------------------------------
     0 | D:1      | Madrawn the High Elf Transmuter began the quest for the Orb.
     0 | D:1      | Reached XP level 1. HP: 13/13 MP: 4/4
   199 | D:1      | Reached XP level 2. HP: 9/18 MP: 4/6
  1046 | D:1      | Reached XP level 3. HP: 14/23 MP: 5/8
  1289 | D:2      | Noticed a necrophage
  1293 | D:2      | Noticed Robin
  1299 | D:2      | HP: 1/21 [necrophage (2)]
  1300 | D:2      | Hit by a goblin thrown by Robin

Skill      XL: |  1  2  3 |
---------------+----------+-----
Spellcasting   | 3 |  3.1
Dodging        | 3 |  3.0
Fighting       | |  1.0
Short Blades   | |  0.2
Armour         | |  0.3
Shields        | |  0.3
Unarmed Combat | |  2.5
Transmutations | |  2.5

Action                   || total
-------------------------++-------
Melee: Unarmed           ||    19
       Dagger            ||    11
       Kick              ||     8
       Headbutt          ||     2
       Short sword       ||   359
 Cast: Beastly Appendage ||    10
  Use: Potion            ||     1
       Scroll            ||     2
  Eat: Chunk             ||     2
Armor: Ring mail         ||    72
       Robe              ||     2
Dodge: Dodged            ||    88
Block: Buckler           ||    20
